 Dungeon Crawl Stone Soup version 0.18.1-47-g9310371 (webtiles) character file.

358 Ery the Cudgeler (level 6, 0/56 HPs)
             Began as a Minotaur Berserker on June 13, 2016.
             Was a Priest of Trog.
             Succumbed to a worker ant's poison
             ... on level 3 of the Dungeon.
             The game lasted 00:08:48 (3278 turns).

Ery the Cudgeler (Minotaur Berserker)               Turns: 3278, Time: 00:08:49

Health: 0/56       AC:  5    Str: 22    XL:     6   Next: 37%
Magic:  5/5        EV: 11    Int:  4    God:    Trog [***...]
Gold:   60         SH:  3    Dex:  8    Spells: 0 memorised, 5 levels left

rFire  . . .     SeeInvis .     a - +0 mace
rCold  . . .     Gourm    .     p - +0 ring mail (curse)
rNeg   . . .     Faith    .     k - +0 buckler
rPois  .         Spirit   .     (helmet restricted)
rElec  .         Dismiss  .     (no cloak)
rCorr  .         Reflect  .     (no gloves)
SustAt .         Harm     .     (no boots)
MR     .....                    (no amulet)
Stlth  ..........               (no ring)
                                w - -3 ring of dexterity (curse)

@: lethally poisoned (0 -> -4), starving, not resistant to hostile enchantments,
extremely unstealthy
A: retaliatory headbutt, horns 2
a: Berserk, Trog's Hand, Burn Spellbooks, Renounce Religion


You were on level 3 of the Dungeon.
You worshipped Trog.
Trog was most pleased with you.
You were starving.

You visited 1 branch of the dungeon, and saw 4 of its levels.

You collected 60 gold pieces.

Inventory:

Hand Weapons
 a - a +0 mace (weapon)
 j - a cursed +0 whip
Armour
 b - a +0 animal skin
 k - a +0 buckler (worn)
 p - a cursed +0 ring mail (worn)
 u - a +0 chain mail
Jewellery
 w - a cursed -3 ring of dexterity (left hand)
Scrolls
 g - a scroll of fear {unknown}
 i - 2 scrolls of magic mapping
 l - a scroll of blinking
 m - 2 scrolls of enchant weapon
 r - 4 scrolls of teleportation
 s - a scroll of remove curse {unknown}
 y - a scroll of immolation {unknown}
Potions
 e - a potion of flight {unknown}
 f - a potion of might {unknown}
 n - a potion of invisibility {unknown}
 q - a potion of agility {unknown}
 t - a potion of lignification {unknown}
 v - a potion of ambrosia {unknown}
 z - a potion of cancellation {unknown}
Comestibles
 c - 2 bread rations
 o - 2 beef jerkies


   Skills:
 + Level 5.2 Fighting
 + Level 5.4 Maces & Flails
 + Level 3.7 Armour
 + Level 4.6 Dodging
 + Level 0.5 Shields


You had 5 spell levels left.
You didn't know any spells.

Dungeon Overview and Level Annotations

Branches:
Dungeon (4/15)
 Temple: D:4-7

Altars:
Nemelex Xobeh


Innate Abilities, Weirdness & Mutations

You reflexively headbutt those who attack you in melee.
You have a pair of horns on your head.


Message History

* * * LOW HITPOINT WARNING * * *
You feel sick.
* * * LOW HITPOINT WARNING * * *
You feel sick.
You see here a giant gecko corpse.
There is a stone staircase leading down here.
* * * LOW HITPOINT WARNING * * *
You feel sick.
You see here a giant gecko corpse.
* * * LOW HITPOINT WARNING * * *
You feel sick.
There is a stone staircase leading down here.
* * * LOW HITPOINT WARNING * * *
You feel sick.
You see here a giant gecko corpse.
There is a stone staircase leading down here.
* * * LOW HITPOINT WARNING * * *
You feel sick.
You see here a giant gecko corpse.
You die...

##.# #.#.#.#..#.#.####.# #.# ##.#
#>#.#...<#.#......# #.#
##.#####.#.######.########## #.#
#.......#....†............# #.#
#################.########.###.##
..?.............................#
##################.#######.######
##################.# #.#
...............†@#.# #.#
#.#.##.###########.# #.#
#.#........# #.....#######.#
#.#..#.###.###.#...........#
#....#.###.....#.###########
####.............#....#
#..†.)...........###..#
#.###.................# #.#
#...........#####.#


There were no monsters in sight!

Vanquished Creatures
  The ghost of tscho the Insei, an amateur MfTm (D:3)
  A centaur skeleton (D:1)
  Jessica (D:2)
  Terence (D:2)
  A worker ant (D:3)
  A gnoll (D:1)
  6 adders (D:3)
  2 oozes
  2 worms
  4 dart slugs
  5 giant geckos
  An orc (D:4)
  8 bats
  7 giant cockroaches
  11 goblins
  2 hobgoblins
  13 jackals
  3 quokkas (D:2)
  2 giant newts
  7 kobolds
  12 rats
91 creatures vanquished.

Notes
Turn   | Place    | Note
--------------------------------------------------------------
     0 | D:1      | Ery the Minotaur Berserker began the quest for the Orb.
     0 | D:1      | Reached XP level 1. HP: 19/19 MP: 0/0
    41 | D:1      | Reached XP level 2. HP: 19/27 MP: 1/1
   422 | D:1      | Reached XP level 3. HP: 11/33 MP: 2/2
   917 | D:1      | Reached ** piety under Trog
  1011 | D:1      | Reached XP level 4. HP: 29/41 MP: 3/3
  1435 | D:2      | Noticed Terence
  1452 | D:2      | Killed Terence
  1944 | D:2      | Noticed Jessica
  1952 | D:2      | Killed Jessica
  1952 | D:2      | Reached XP level 5. HP: 35/47 MP: 4/4
  2289 | D:3      | Noticed tscho's ghost (amateur MfTm)
  2298 | D:3      | Killed tscho's ghost
  2298 | D:3      | Reached skill level 5 in Fighting
  2298 | D:3      | Reached skill level 5 in Maces & Flails
  2474 | D:3      | Reached *** piety under Trog
  2488 | D:3      | Reached XP level 6. HP: 44/56 MP: 5/5
  2653 | D:3      | Found a sparkling altar of Nemelex Xobeh.
  3275 | D:3      | HP: 2/56 [poisoned by a worker ant]
  3278 | D:3      | Succumbed to a worker ant's poison

Skill      XL: |  1  2  3  4  5 |
---------------+----------------+-----
Fighting       | 4 5 |  5.2
Maces & Flails | 4 5 |  5.4
Dodging        | 3 4 |  4.6
Armour         | 3 |  3.7
Shields        | |  0.5

Action                   |  1- 3 |  4- 6 || total
-------------------------+-------+-------++-------
Melee: Mace              |    59 |   152 ||   211
       Headbutt          |     9 |    22 ||    31
Invok: Berserk           |     1 |     1 ||     2
  Use: Potion            |       |     1 ||     1
       Scroll            |       |     6 ||     6
  Eat: Chunk             |     1 |     5 ||     6
       Pizza             |       |     1 ||     1
Armor: Animal skin       |     6 |     1 ||     7
       Ring mail         |       |    42 ||    42
Dodge: Dodged            |    38 |   111 ||   149
Block: Buckler           |     1 |    17 ||    18
